[Event "Titled Tuesday Blitz June 28 Early 2022"]
[White "Rustemov, Alexander"]
[Black "Soham Kamotra"]
[WhiteFideId "4119002"]
[BlackFideId "46647490"]
[WhiteElo "2738"]
[BlackElo "2082"]
[Result "1-0"]
[Round "02"]
[TimeControl "180+1"]
[Date "2022.06.28"]
[WhiteClock "0:00:15"]
[BlackClock "0:00:07"]

1. d4 Nf6 2. c4 g6 3. Nf3 Bg7 4. g3 c6 5. Bg2 d5 6. Qb3 O-O 7. O-O Ne4 8. Bf4 dxc4 9. Qxc4 Nd7 10. Qc2 Nd6 11. Nc3 Nb6 12. Rfd1 Nd5 13. Be5 Nxc3 14. Qxc3 Bf5 15. Bxg7 Nb5 16. Qb3 Kxg7 17. d5 Qb6 18. dxc6 bxc6 19. Ne5 Rac8 20. Rac1 c5 21. e3 Nd6 22. Qc3 Kg8 23. b3 Rfd8 24. h3 Be4 25. Bxe4 Nxe4 26. Qc4 Ng5 27. h4 Ne6 28. Qe4 Qa5 29. a4 Qc7 30. Nc4 Rxd1+ 31. Rxd1 Rd8 32. Rd5 Rxd5 33. Qxd5 h5 34. Ne5 Qd6 35. Qxd6 exd6 36. Nc6 a6 37. Kf1 Kf8 38. Ke2 Ke8 39. e4 Nc7 40. Kd3 Kd7 41. Na5 d5 42. exd5 Nxd5 43. Kc4 Nf6 44. Nb7 Ng4 45. Nxc5+ Kc6 46. Nd3 f6 47. Kd4 g5 48. f3 Nh2 49. Ke3 Nf1+ 50. Kf2 Nd2 51. b4 Nc4 52. g4 hxg4 53. h5 Nd6 54. h6 Nf7 55. h7 gxf3 56. Kxf3 f5 57. Ke3 Kd5 58. b5 axb5 59. a5 b4 60. a6 Kc6 61. Nxb4+ Kb6 62. Kd4 g4 63. Ke3 Nh8 64. Kf4 Nf7 65. Nd3 Kxa6 66. Ne5 Nh8 67. Kxf5 g3 68. Kf6 g2 69. Nf3 Kb5 70. Kg7 Kc4 71. Kxh8 Kd3 72. Kg7 Ke3 73. Ng1 Kf2 74. h8=Q Kg3 75. Qh3+ Kf2 76. Qh2 Ke1 77. Qxg2 1-0


[Site "https://www.chess.com"]

[Event "Titled Tuesday Blitz June 28 Early 2022"]
[White "Rychagov, Andrey"]
[Black "Tymrakiewicz, Rafal"]
[WhiteFideId "4119932"]
[BlackFideId "1108832"]
[WhiteElo "2460"]
[BlackElo "2205"]
[Result "1-0"]
[Round "02"]
[TimeControl "180+1"]
[Date "2022.06.28"]
[WhiteClock "0:01:06"]
[BlackClock "0:00:08"]

1. d4 Nf6 2. c4 g6 3. Nf3 Bg7 4. Nc3 O-O 5. e4 d6 6. Be2 e5 7. O-O Nh5 8. dxe5 dxe5 9. Qxd8 Rxd8 10. Bg5 f6 11. Be3 c6 12. Rfd1 Rd7 13. g3 Bf8 14. c5 Na6 15. b4 Nxb4 16. Rxd7 Bxd7 17. Rb1 Nc2 18. Bc4+ Kh8 19. Rxb7 Nxe3 20. fxe3 Bg4 21. Kf2 Bxc5 22. Na4 Bf8 23. Ne1 Ng7 24. Rc7 Ne6 25. Rxc6 Ng5 26. Bd5 Rb8 27. Rxf6 Kg7 28. Ra6 Rb4 29. Rxa7+ Kf6 30. Ra6+ Kg7 31. Nd3 Rb1 32. h4 Nh3+ 33. Kg2 Rg1+ 34. Kh2 Rd1 35. Ra7+ Kf6 36. Rf7# 1-0


[Site "https://www.chess.com"]

[Event "Titled Tuesday Blitz June 28 Early 2022"]
[White "Sahil, Tickoo"]
[Black "Jeet, Jain"]
[WhiteFideId "5019710"]
[BlackFideId "5073022"]
[WhiteElo "2047"]
[BlackElo "2055"]
[Result "0-1"]
[Round "02"]
[TimeControl "180+1"]
[Date "2022.06.28"]
[WhiteClock "0:00:05"]
[BlackClock "0:00:13"]

1. d4 Nf6 2. Bf4 g6 3. Nc3 d5 4. e3 Bg7 5. h4 h5 6. Nf3 c6 7. Ne5 Nbd7 8. Bd3 Qb6 9. Rb1 Nxe5 10. Bxe5 Bf5 11. O-O Bxd3 12. cxd3 O-O 13. a3 Ng4 14. Bxg7 Kxg7 15. Qf3 Qc7 16. g3 Rae8 17. Rbc1 Qd6 18. Qf4 Qxf4 19. gxf4 Rd8 20. Kg2 f6 21. Ne2 e5 22. fxe5 fxe5 23. dxe5 Nxe5 24. Rc3 Rf5 25. Ng3 Rf7 26. d4 Nf3 27. Kh3 Nd2 28. Rg1 Kh6 29. f4 Re8 30. Nf1 Ne4 31. Rc2 Nf6 32. Rg3 Ng4 33. Kg2 Rfe7 34. Rc3 Kh7 35. b4 Nh6 36. Kf3 Nf5 37. Rh3 a6 38. Kf2 Nd6 39. Nd2 Nf5 40. Rb3 Ra8 41. Rh2 a5 42. b5 a4 43. Rb4 Rxe3 44. bxc6 bxc6 45. Rb7+ Kh6 46. Nf3 Re7 47. Rxe7 Nxe7 48. Rh1 Rb8 49. Rc1 Rb3 50. Ne5 Rxa3 51. Nxc6 Nf5 52. Ne5 Nxh4 53. Rc6 Ra2+ 54. Kg3 Nf5+ 55. Kh3 Nxd4 56. Rxg6+ Kh7 57. Rd6 Ra3+ 58. Kh4 Nf5+ 59. Kg5 Nxd6 60. f5 Ra1 61. f6 Rf1 62. Kxh5 Rxf6 63. Ng4 Rf5+ 64. Kh4 Rf4 65. Kh5 Rxg4 0-1


[Site "https://www.chess.com"]

[Event "Titled Tuesday Blitz June 28 Early 2022"]
[White "Samunenkov, Ihor"]
[Black "Karas, Marek"]
[WhiteFideId "14187086"]
[BlackFideId "14928558"]
[WhiteElo "2409"]
[BlackElo "2271"]
[Result "1-0"]
[Round "02"]
[TimeControl "180+1"]
[Date "2022.06.28"]
[WhiteClock "0:00:37"]
[BlackClock "0:00:03"]

1. e4 e6 2. d4 d5 3. Nd2 a6 4. Bd3 c5 5. dxc5 Bxc5 6. Ngf3 Ne7 7. O-O Nbc6 8. c3 Ng6 9. exd5 Qxd5 10. Ne4 Be7 11. Qe2 O-O 12. Rd1 Qa5 13. h4 Nce5 14. h5 Nxf3+ 15. Qxf3 Ne5 16. Qg3 Nxd3 17. Bh6 g6 18. hxg6 hxg6 19. Bxf8 Kxf8 20. Rxd3 Qb5 21. Rad1 Kg7 22. Nd6 Qxb2 23. Ne8+ Kf8 24. Nc7 Ra7 25. Rd8+ Kg7 26. Rxc8 Qxa2 27. Ne8+ Kh7 28. Qh3+ Kg8 29. Nf6+ Kg7 30. Qh8# 1-0


[Site "https://www.chess.com"]

[Event "Titled Tuesday Blitz June 28 Early 2022"]
[White "Sanchez, Robert"]
[Black "Skliarov, Viktor"]
[WhiteFideId "2034360"]
[BlackFideId "14106736"]
[WhiteElo "2030"]
[BlackElo "2229"]
[Result "1-0"]
[Round "02"]
[TimeControl "180+1"]
[Date "2022.06.28"]
[WhiteClock "0:00:38"]
[BlackClock "0:00:05"]

1. e4 c5 2. Nf3 Nc6 3. d4 cxd4 4. Nxd4 Nf6 5. Nc3 e5 6. Ndb5 d6 7. Bg5 a6 8. Bxf6 gxf6 9. Na3 b5 10. Nd5 f5 11. Bd3 Be6 12. c4 Qa5+ 13. Kf1 Bxd5 14. cxd5 Nd4 15. Nc2 fxe4 16. Bxe4 Bg7 17. Qd3 h6 18. h4 O-O 19. Nxd4 exd4 20. Rh3 Rae8 21. Qf3 Re5 22. Bd3 Rfe8 23. g4 Re1+ 24. Rxe1 Qxe1+ 25. Kg2 Qd2 26. Qf5 Qxb2 27. Rf3 Re7 28. g5 Qc1 29. g6 Qc7 30. gxf7+ Rxf7 31. Qe6 Qe7 32. Bh7+ Kf8 33. Qc8+ Qe8 34. Qxe8+ Kxe8 35. Bg6 Be5 36. Bxf7+ Ke7 37. Be6 1-0


[Site "https://www.chess.com"]

[Event "Titled Tuesday Blitz June 28 Early 2022"]
[White "Sargissyan, Sargis"]
[Black "Yuan, Qingyu"]
[WhiteFideId "13303210"]
[BlackFideId "8609772"]
[WhiteElo "2174"]
[BlackElo "2359"]
[Result "0-1"]
[Round "02"]
[TimeControl "180+1"]
[Date "2022.06.28"]
[WhiteClock "0:00:04"]
[BlackClock "0:00:07"]

1. e4 c6 2. Nc3 d5 3. Nf3 dxe4 4. Nxe4 Nf6 5. Qe2 Nxe4 6. Qxe4 Nd7 7. b3 Nf6 8. Qe2 Bg4 9. Bb2 e6 10. h3 Bh5 11. O-O-O Qa5 12. Kb1 Ba3 13. g4 Bxb2 14. Kxb2 Bg6 15. Ne5 O-O-O 16. Nxg6 hxg6 17. Bg2 g5 18. Rhe1 Nd7 19. d4 Rhe8 20. c4 Kb8 21. d5 cxd5 22. cxd5 Nf6 23. d6 Rd7 24. Qe5 Qb6 25. Re2 Red8 26. Red2 Ne8 27. Qxg5 Rxd6 28. Qf4 f6 29. Bf3 e5 30. Rxd6 Rxd6 31. Qe3 Qd8 32. Rxd6 Qxd6 33. Kc2 Nc7 34. Qe4 Qb6 35. Kc3 Ne6 36. a4 Nd4 37. Qd5 a6 38. a5 Qc7+ 39. Kb2 Nb5 40. Qc4 Qxa5 41. Qg8+ Ka7 42. Qxg7 Qc3+ 43. Ka2 Qxf3 44. Qf8 Qxf2+ 45. Ka1 Nc3 46. Qa3 e4 0-1


[Site "https://www.chess.com"]

[Event "Titled Tuesday Blitz June 28 Early 2022"]
[White "Sargsyan, Anna M."]
[Black "Zochowski, Kacper"]
[WhiteFideId "13308130"]
[BlackFideId "1125494"]
[WhiteElo "2271"]
[BlackElo "2214"]
[Result "0-1"]
[Round "02"]
[TimeControl "180+1"]
[Date "2022.06.28"]
[WhiteClock "0:00:09"]
[BlackClock "0:01:35"]

1. d4 Nf6 2. c4 e6 3. Nf3 d5 4. Nc3 dxc4 5. Bg5 Bb4 6. e4 c5 7. Bxc4 Nc6 8. e5 cxd4 9. exf6 gxf6 10. Bd2 dxc3 11. bxc3 Bc5 12. O-O e5 13. Qe2 Bg4 14. h3 Bh5 15. Bh6 Rg8 16. Rfd1 Qc8 17. Kh2 Qf5 18. Bd5 O-O-O 19. Bxc6 bxc6 20. Qa6+ Kc7 21. Rab1 Rxg2+ 22. Kxg2 Qxf3+ 0-1


[Site "https://www.chess.com"]

[Event "Titled Tuesday Blitz June 28 Early 2022"]
[White "Seliverstov, Vladimir"]
[Black "Johnson, Donald"]
[WhiteFideId "4192036"]
[BlackFideId "30949122"]
[WhiteElo "2489"]
[BlackElo "1724"]
[Result "1/2-1/2"]
[Round "02"]
[TimeControl "180+1"]
[Date "2022.06.28"]
[WhiteClock "0:00:33"]
[BlackClock "0:00:14"]

1. d4 Nf6 2. Bf4 g6 3. Nf3 Bg7 4. h3 O-O 5. e3 d6 6. Be2 Nbd7 7. O-O b6 8. c4 Bb7 9. Nc3 Ne4 10. Nxe4 Bxe4 11. Nd2 Bb7 12. Bh2 e5 13. Bf3 Qc8 14. Bxb7 Qxb7 15. d5 f5 16. b4 e4 17. Rc1 Ne5 18. Bxe5 Bxe5 19. Qb3 a5 20. a3 axb4 21. axb4 Ra7 22. Rfd1 Rfa8 23. c5 bxc5 24. bxc5 Qxb3 25. Nxb3 dxc5 26. Nxc5 Ra1 27. Rxa1 Rxa1 28. Rxa1 Bxa1 29. Nb3 Be5 30. Na5 Kf7 31. Nc4 Bd6 32. Kf1 Ke7 33. Ke2 Kd7 34. f3 exf3+ 35. Kxf3 Ke7 36. e4 Kf6 37. Ke3 fxe4 38. Kxe4 Kg5 39. Nd2 Kh4 40. Kf3 Kg5 41. Nc4 Kf5 42. g3 h5 43. g4+ hxg4+ 44. hxg4+ Kg5 45. Nd2 Kf6 46. Nc4 Kg5 47. Na5 Kf6 48. Nc6 Kg5 49. Na5 Kf6 50. Nc4 Kg5 1/2-1/2


[Site "https://www.chess.com"]

[Event "Titled Tuesday Blitz June 28 Early 2022"]
[White "Seo, Jung Min"]
[Black "Plazuelo Pascual, Juan"]
[WhiteFideId "1734687"]
[BlackFideId "32059566"]
[WhiteElo "2414"]
[BlackElo "2359"]
[Result "0-1"]
[Round "02"]
[TimeControl "180+1"]
[Date "2022.06.28"]
[WhiteClock "0:00:31"]
[BlackClock "0:00:04"]

1. Nf3 d5 2. d4 Nf6 3. c4 e6 4. Nc3 Be7 5. Bg5 h6 6. Bh4 dxc4 7. e3 c5 8. Bxc4 cxd4 9. Nxd4 Bd7 10. O-O Nc6 11. Ndb5 O-O 12. Bg3 a6 13. Nd6 b5 14. Be2 Qb6 15. a4 b4 16. Nb1 Rfd8 17. Nd2 Na5 18. N2c4 Nxc4 19. Nxc4 Qc5 20. Qb3 a5 21. Rac1 Qc6 22. Bf3 Nd5 23. Nxa5 Qxa4 24. Qxa4 Bxa4 25. Nc6 Bxc6 26. Rxc6 Ra2 27. Be5 Bf6 28. Bxf6 Nxf6 29. Rc2 b3 30. Re2 Rc8 31. Rb1 Rc2 32. Kf1 Nd5 33. Bxd5 exd5 34. Ke1 Kf8 35. Kd1 Rc5 36. Rd2 Ke7 37. Rd3 Rc2 38. Rd2 Rc5 39. g4 Ke6 40. h4 g5 41. h5 Ke5 42. Ke2 Rc2 43. f3 d4 44. Kd3 dxe3 45. Kxe3 Rxd2 46. Kxd2 Kf4 47. Ke2 Kg3 48. Ke3 Ra6 49. Rg1+ Kh2 50. Rc1 Ra2 51. Rc7 Rxb2 52. Rxf7 Kg3 53. Rb7 Rf2 54. Rb6 Rxf3+ 55. Ke4 Kxg4 56. Rxh6 Rf4+ 57. Ke3 Rb4 58. Rb6 Rxb6 0-1


[Site "https://www.chess.com"]

[Event "Titled Tuesday Blitz June 28 Early 2022"]
[White "Shuvalov, Evgenij"]
[Black "Vidonyak, Roman"]
[WhiteFideId "4187237"]
[BlackFideId "14100622"]
[WhiteElo "2023"]
[BlackElo "2324"]
[Result "0-1"]
[Round "02"]
[TimeControl "180+1"]
[Date "2022.06.28"]
[WhiteClock "0:01:03"]
[BlackClock "0:01:12"]

1. Nf3 Nf6 2. c4 g6 3. Nc3 d5 4. cxd5 Nxd5 5. Qa4+ Nc6 6. Ne5 Qd6 7. Nxc6 Qxc6 8. Qxc6+ bxc6 9. Nxd5 cxd5 10. d4 Bg7 11. e3 O-O 12. Be2 Bf5 13. O-O Rfc8 14. Bd2 c5 15. dxc5 Rxc5 16. Rac1 Rxc1 17. Bxc1 Rc8 18. Bf3 e6 19. g4 Bd3 20. Rd1 Ba6 21. b4 Rc2 22. a4 Ra2 23. a5 Bc3 24. e4 d4 25. e5 d3 26. Bh6 Bxe5 27. Be4 Ra3 28. Be3 Bd6 29. Bxa7 Bxb4 30. Bb6 d2 31. Bc2 Be2 32. Rb1 Bxa5 33. Bxa5 Rxa5 34. h3 Rc5 35. Bd1 Bxd1 36. Rxd1 Rc1 0-1


[Site "https://www.chess.com"]

[Event "Titled Tuesday Blitz June 28 Early 2022"]
[White "Silva, Pedro Gil Ferreira Da"]
[Black "Golubovskis, Maksims"]
[WhiteFideId "1946102"]
[BlackFideId "11608528"]
[WhiteElo "1863"]
[BlackElo "2102"]
[Result "0-1"]
[Round "02"]
[TimeControl "180+1"]
[Date "2022.06.28"]
[WhiteClock "0:00:11"]
[BlackClock "0:00:31"]

1. e4 c5 2. Nf3 d6 3. d4 Nf6 4. Nc3 cxd4 5. Qxd4 Nc6 6. Bb5 Bd7 7. Bxc6 Bxc6 8. Bg5 e6 9. O-O-O Be7 10. Rhe1 O-O 11. Kb1 b5 12. Bxf6 gxf6 13. Re3 a5 14. Nh4 Kh8 15. f4 Rg8 16. Rh3 Rg4 17. Qe3 b4 18. Ne2 f5 19. exf5 Bxh4 20. fxe6 Bxg2 21. Rxh4 Qxh4 22. exf7 Rf8 23. Qd4+ Rg7 24. Rg1 Qxh2 25. f5 Qe5 26. Qh4 Qxe2 27. f6 Rgxf7 0-1


[Site "https://www.chess.com"]

[Event "Titled Tuesday Blitz June 28 Early 2022"]
[White "Sirosh, Ilja"]
[Black "Torres Cueto, Jesus Marcial"]
[WhiteFideId "4500458"]
[BlackFideId "4415280"]
[WhiteElo "2241"]
[BlackElo "2055"]
[Result "1-0"]
[Round "02"]
[TimeControl "180+1"]
[Date "2022.06.28"]
[WhiteClock "0:00:05"]
[BlackClock "0:00:04"]

1. e4 e6 2. d4 d5 3. exd5 exd5 4. Nf3 Bd6 5. c4 dxc4 6. Bxc4 Ne7 7. O-O O-O 8. Nc3 Nd7 9. Bg5 Nb6 10. Bb3 Kh8 11. Ne5 f6 12. Nf7+ Rxf7 13. Bxf7 fxg5 14. Qe2 Nf5 15. Rae1 Bd7 16. d5 Qf6 17. Be6 Rf8 18. Bxd7 Nxd7 19. Qe6 Qxe6 20. Rxe6 Nc5 21. Re2 h6 22. Nb5 a6 23. Nxd6 cxd6 24. b4 Nd7 25. Rc1 Nf6 26. Rd2 Re8 27. Kf1 Re5 28. Rc7 Nxd5 29. Rxb7 Nc3 30. Rb6 Ne4 31. Rd1 Nc3 32. Re1 Rd5 33. Rxa6 h5 34. a4 Rd2 35. b5 d5 36. Rg6 Ne4 37. Rxg5 Nxg5 38. Re5 g6 39. b6 Rb2 40. a5 Ne4 41. Rxd5 Rxf2+ 42. Ke1 Ra2 43. b7 Rb2 44. Rd8+ Kh7 45. b8=Q Rxb8 46. Rxb8 Ne3 47. a6 Nxg2+ 48. Ke2 Nc3+ 49. Kf3 Nh4+ 50. Kf4 Nd5+ 51. Ke5 Ne7 52. Rb7 Nf5 53. a7 1-0


[Site "https://www.chess.com"]

[Event "Titled Tuesday Blitz June 28 Early 2022"]
[White "So, Wesley"]
[Black "Terrieux, Kevin"]
[WhiteFideId "5202213"]
[BlackFideId "622591"]
[WhiteElo "2742"]
[BlackElo "2482"]
[Result "1-0"]
[Round "02"]
[TimeControl "180+1"]
[Date "2022.06.28"]
[WhiteClock "0:00:32"]
[BlackClock "0:00:02"]

1. e4 c5 2. Nf3 e6 3. g3 d6 4. d4 Nf6 5. Qe2 cxd4 6. Nxd4 Nc6 7. Nxc6 bxc6 8. Bg2 e5 9. O-O Be7 10. c4 O-O 11. Nc3 Nd7 12. Be3 Nc5 13. Rad1 Qa5 14. f4 Rb8 15. f5 f6 16. Rc1 Ba6 17. b3 Rfd8 18. Qd2 Qc7 19. g4 Bc8 20. h4 a5 21. Rb1 Bd7 22. g5 Be8 23. Bf3 Bf7 24. Kh1 Kh8 25. Rg1 Bf8 26. Rg2 a4 27. b4 Na6 28. b5 Nc5 29. Rbg1 fxg5 30. Bxg5 Rd7 31. h5 h6 32. Be3 Bxc4 33. f6 Rf7 34. fxg7+ Bxg7 35. Bxh6 Rg8 36. Be2 Rf4 37. Bxf4 exf4 38. Bxc4 1-0


[Site "https://www.chess.com"]

[Event "Titled Tuesday Blitz June 28 Early 2022"]
[White "Sokolovsky, Yahli"]
[Black "Kamsky, Gata"]
[WhiteFideId "2820242"]
[BlackFideId "2000024"]
[WhiteElo "1770"]
[BlackElo "2645"]
[Result "0-1"]
[Round "02"]
[TimeControl "180+1"]
[Date "2022.06.28"]
[WhiteClock "0:00:01"]
[BlackClock "0:00:21"]

1. b3 d5 2. Bb2 Bf5 3. e3 e6 4. Nf3 Nf6 5. d4 c6 6. Bd3 Bg6 7. Ne5 Nbd7 8. f4 Bb4+ 9. c3 Be7 10. Nxg6 hxg6 11. Nd2 c5 12. Qe2 cxd4 13. exd4 Qc7 14. g3 a6 15. Nf3 b5 16. Ne5 Ne4 17. Bxe4 dxe4 18. Qxe4 Rc8 19. Nxd7 Qxd7 20. O-O O-O 21. Rac1 Rb8 22. Rfd1 Rfd8 23. Ba1 g5 24. Rf1 gxf4 25. Qxf4 Bf8 26. Rc2 Rb7 27. Qe4 Rc8 28. Rcf2 Qc6 29. Qxc6 Rxc6 30. Rd1 Rd7 31. Rff1 f6 32. Kf2 Kf7 33. Ke3 a5 34. Bb2 a4 35. bxa4 bxa4 36. Rb1 Kg6 37. Ba1 Rd5 38. Rb8 Bd6 39. Rb7 e5 40. Ke4 Ra5 41. Rf2 exd4 42. cxd4 a3 43. Rb1 Rc8 44. Rd1 Re8+ 45. Kf3 Rb5 46. Bc3 Rc8 47. Rc2 Rb2 48. Bxb2 Rxc2 49. Bc1 Rxa2 50. h4 Ra1 51. Ke2 a2 52. Bb2 Rb1 53. Bc3 Kf5 54. d5 Kg4 55. Kd2 Be5 56. Kc2 Rxd1 0-1


[Site "https://www.chess.com"]

[Event "Titled Tuesday Blitz June 28 Early 2022"]
[White "Steinberg, Nitzan"]
[Black "Tan, Jun Ying"]
[WhiteFideId "2801795"]
[BlackFideId "5710413"]
[WhiteElo "2471"]
[BlackElo "1827"]
[Result "1-0"]
[Round "02"]
[TimeControl "180+1"]
[Date "2022.06.28"]
[WhiteClock "0:00:17"]
[BlackClock "0:00:02"]

1. Nf3 c5 2. e4 Nc6 3. Bb5 d6 4. O-O Bd7 5. Re1 Nf6 6. c3 a6 7. Bf1 Bg4 8. h3 Bxf3 9. Qxf3 e6 10. Qd1 Be7 11. a4 O-O 12. Na3 d5 13. e5 Nd7 14. d4 cxd4 15. cxd4 Qb6 16. Nc2 Nb4 17. a5 Qc7 18. Ne3 Rfc8 19. Bd2 Qd8 20. Bc3 b6 21. axb6 Qxb6 22. g3 a5 23. h4 Qc6 24. Rc1 Na2 25. Rc2 Nxc3 26. bxc3 Nb6 27. c4 dxc4 28. Bg2 Nd5 29. Nxc4 Qa4 30. Qe2 Rab8 31. Rec1 Nb4 32. Rb2 Qb5 33. Bf1 Qd5 34. Nb6 Rxc1 35. Nxd5 exd5 36. Kh2 a4 37. e6 a3 38. exf7+ Kxf7 39. Qf3+ Kg8 40. Qxa3 Rxf1 41. Qa7 Bd6 42. Qd7 Bf8 43. Qe6+ Kh8 44. Qe5 Rd8 45. Qc7 Re8 46. Qd7 Ree1 47. Qc8 Rh1+ 48. Kg2 Rhg1+ 49. Kf3 Kg8 50. Rxb4 Re7 51. Rb7 Re4 52. Rb8 1-0


[Site "https://www.chess.com"]

[Event "Titled Tuesday Blitz June 28 Early 2022"]
[White "Sukandar, Irine Kharisma"]
[Black "Nunez V, Gustavo Eduardo"]
[WhiteFideId "7101937"]
[BlackFideId "4403690"]
[WhiteElo "2293"]
[BlackElo "2228"]
[Result "1-0"]
[Round "02"]
[TimeControl "180+1"]
[Date "2022.06.28"]
[WhiteClock "0:00:22"]
[BlackClock "0:00:19"]

1. d4 Nf6 2. Nc3 g6 3. e4 d6 4. Nf3 Bg7 5. h3 O-O 6. Be3 Nbd7 7. Qd2 e5 8. dxe5 Nxe5 9. Nxe5 dxe5 10. Bd3 Be6 11. Bh6 c6 12. Rd1 Qb6 13. Bxg7 Kxg7 14. O-O Rfd8 15. Qg5 Nd7 16. b3 f6 17. Qg3 Nc5 18. Kh1 Qb4 19. Ne2 Nxe4 20. Qe3 Nc5 21. f4 e4 22. a3 Qxa3 23. Bxe4 Nxe4 24. Qxe4 Bd5 25. Qe3 Re8 26. Qf2 Qb2 27. Nd4 Re4 28. f5 g5 29. Ne6+ Rxe6 30. fxe6 Bxe6 31. Rd4 Rf8 32. Qe3 Bd5 33. Rd2 Qe5 34. Qxa7 Qc3 35. Rxd5 cxd5 36. Qxb7+ Rf7 37. Qxd5 Qxc2 38. b4 Qe2 39. Rd1 Re7 40. b5 Re5 41. Qd7+ Re7 42. Qd6 Qe5 43. b6 Qxd6 44. Rxd6 Rb7 45. g4 Kf7 46. Kg2 Ke7 47. Rc6 h6 48. Kf3 Rd7 49. Ke4 Kf7 50. Rc7 Ke6 51. Rxd7 Kxd7 52. Kf5 Kc6 53. Kxf6 Kxb6 54. Kg6 Kc5 55. Kxh6 Kd6 56. Kxg5 Ke7 57. Kg6 Kf8 58. Kh7 Kf7 59. g5 Ke6 60. g6 Kf5 61. g7 Kg5 62. g8=Q+ Kf4 63. Qg4+ Ke5 64. Kg6 Kd6 65. h4 Ke5 66. h5 Kd6 67. h6 Ke5 68. h7 Kd5 69. h8=Q Kc6 70. Qc3+ Kb6 71. Qgb4+ Ka6 72. Qca3# 1-0


[Site "https://www.chess.com"]

[Event "Titled Tuesday Blitz June 28 Early 2022"]
[White "Taboas Rodriguez, Daniel"]
[Black "Haas, Michael"]
[WhiteFideId "2208466"]
[BlackFideId "1629514"]
[WhiteElo "2429"]
[BlackElo "1982"]
[Result "1/2-1/2"]
[Round "02"]
[TimeControl "180+1"]
[Date "2022.06.28"]
[WhiteClock "0:00:53"]
[BlackClock "0:00:30"]

1. d4 d5 2. c4 dxc4 3. e3 e5 4. Bxc4 exd4 5. exd4 Bd6 6. Nf3 Nf6 7. O-O O-O 8. Bg5 Bg4 9. Qb3 Nc6 10. Rd1 Na5 11. Qc3 Nxc4 12. Qxc4 h6 13. Bh4 Bxf3 14. gxf3 Be7 15. Bg3 c6 16. Nc3 Bd6 17. d5 Bxg3 18. hxg3 Nxd5 19. Nxd5 cxd5 20. Rxd5 Qf6 21. Qb3 b6 22. Rad1 Rad8 23. Kg2 Rxd5 24. Rxd5 Rd8 25. Rxd8+ Qxd8 26. Qa4 Qf6 27. b4 Qe7 28. b5 h5 29. Qc4 g6 30. a4 Kg7 31. Qd4+ Kh7 32. f4 Qb7+ 33. f3 Qc8 34. Qf6 Qc2+ 35. Kh3 Qc8+ 36. Kh4 Qd7 37. f5 Qxf5 38. Qxf5 gxf5 39. Kxh5 f6 40. Kh4 Kh6 41. Kh3 Kg7 42. Kg2 Kf7 43. Kf2 Ke6 44. Ke3 Kd5 45. Kf4 Ke6 46. Ke3 Ke5 47. Kd3 Kd5 48. Kc3 Kc5 49. f4 Kd5 50. Kd3 Kc5 51. Kc3 Kd5 52. Kd3 Kc5 53. Kc3 1/2-1/2


[Site "https://www.chess.com"]

[Event "Titled Tuesday Blitz June 28 Early 2022"]
[White "Tatarinov, Dmitry"]
[Black "Valle Maytin, Luis Enrique"]
[WhiteFideId "24160067"]
[BlackFideId "3503666"]
[WhiteElo "2302"]
[BlackElo "2322"]
[Result "1-0"]
[Round "02"]
[TimeControl "180+1"]
[Date "2022.06.28"]
[WhiteClock "0:02:56"]
[BlackClock "0:00:20"]

1. d4 Nf6 2. Nf3 g6 3. c4 Bg7 4. Nc3 d6 5. e4 O-O 6. Be2 Nc6 7. O-O e5 8. d5 Ne7 9. b4 Nd7 10. a4 f5 11. Ba3 a5 12. bxa5 Rxa5 13. Bb4 Ra8 14. a5 Nf6 15. c5 f4 16. cxd6 cxd6 17. Nd2 g5 18. Nc4 Ne8 19. Bg4 Bxg4 20. Qxg4 Nf6 21. Qe6+ Kh8 22. Bxd6 Re8 23. Nxe5 Ng6 24. Nf7+ Kg8 25. Nxd8+ Rxe6 26. Nxe6 Ng4 27. Rac1 N4e5 28. Bxe5 Nxe5 1-0


[Site "https://www.chess.com"]

[Event "Titled Tuesday Blitz June 28 Early 2022"]
[White "Terry, Renato"]
[Black "Pinheiro, Iung Alicio de O."]
[WhiteFideId "3803457"]
[BlackFideId "2104350"]
[WhiteElo "2577"]
[BlackElo "2283"]
[Result "1-0"]
[Round "02"]
[TimeControl "180+1"]
[Date "2022.06.28"]
[WhiteClock "0:01:29"]
[BlackClock "0:00:03"]

1. d4 Nf6 2. Bg5 Ne4 3. Bf4 Nc6 4. f3 e5 5. dxe5 g5 6. Bc1 Nc5 7. e4 Bg7 8. Be3 Ne6 9. Nc3 Nxe5 10. Qd2 h6 11. O-O-O c6 12. h4 gxh4 13. Nh3 b5 14. Nf4 Nxf4 15. Bxf4 Qf6 16. Be3 Nc4 17. Bxc4 bxc4 18. Bd4 Qxd4 19. Qxd4 Bxd4 20. Rxd4 Rg8 21. Rd2 Ke7 22. Rxh4 Rg6 23. e5 f5 24. Rxc4 Ba6 25. Rcd4 Rd8 26. Nd1 Bc8 27. Ne3 Rf8 28. f4 h5 29. Rd6 Rg3 30. R2d3 h4 31. Rh6 Rf7 32. Rxh4 Rg8 33. Rh5 Rgf8 34. Rg5 Ba6 35. Ra3 Be2 36. Rxa7 Bg4 37. Rg6 Rh8 38. e6 1-0


[Site "https://www.chess.com"]

[Event "Titled Tuesday Blitz June 28 Early 2022"]
[White "Thiel, Thomas"]
[Black "Hollan, Petr"]
[WhiteFideId "4615964"]
[BlackFideId "360945"]
[WhiteElo "2245"]
[BlackElo "2284"]
[Result "1/2-1/2"]
[Round "02"]
[TimeControl "180+1"]
[Date "2022.06.28"]
[WhiteClock "0:00:31"]
[BlackClock "0:00:28"]

1. e4 c5 2. Nc3 a6 3. Nge2 d6 4. g3 e6 5. Bg2 Nf6 6. O-O Be7 7. d4 cxd4 8. Nxd4 O-O 9. Re1 Qc7 10. a4 Nc6 11. Nxc6 bxc6 12. a5 Rb8 13. b3 e5 14. Na4 Be6 15. Bd2 Nd7 16. c4 f5 17. Qc2 f4 18. b4 g5 19. Bf1 Qa7 20. Kg2 fxg3 21. Be3 Qc7 22. hxg3 Rxb4 23. Nb6 Nxb6 24. axb6 Rxb6 25. Bxb6 Qxb6 26. Reb1 Qd4 27. Rd1 Qc5 28. Rxa6 Bg4 29. Rd3 h5 30. f3 Be6 31. Qf2 Qxf2+ 32. Kxf2 Bxc4 33. Rc3 Bxa6 34. Bxa6 d5 35. Rxc6 dxe4 36. Re6 Bc5+ 37. Kf1 Rxf3+ 38. Ke2 Rxg3 39. Rxe5 Bf8 40. Rxe4 h4 41. Bc4+ Kg7 42. Bd5 h3 43. Re3 Rxe3+ 44. Kxe3 Kf6 45. Kf3 Bd6 46. Kf2 Ke5 47. Bb7 Kf4 48. Kg1 g4 49. Kh1 Ke3 50. Bc8 Kf3 51. Bxg4+ Kxg4 52. Kg1 Kg3 53. Kh1 h2 1/2-1/2


[Site "https://www.chess.com"]

[Event "Titled Tuesday Blitz June 28 Early 2022"]
[White "Urbina Perez, Juan Antonio"]
[Black "San, Thit Lwin"]
[WhiteFideId "2217368"]
[BlackFideId "13001272"]
[WhiteElo "2192"]
[BlackElo "2232"]
[Result "1-0"]
[Round "02"]
[TimeControl "180+1"]
[Date "2022.06.28"]
[WhiteClock "0:00:59"]
[BlackClock "0:00:46"]

1. e4 Nf6 2. e5 Nd5 3. d4 d6 4. Nf3 Bg4 5. exd6 cxd6 6. Be2 e6 7. O-O Be7 8. h3 Bh5 9. Nbd2 O-O 10. Ne4 Bg6 11. Ng3 Nc6 12. c3 e5 13. dxe5 dxe5 14. Bd3 Nxc3 15. bxc3 Qxd3 16. Qxd3 Bxd3 17. Re1 f6 18. Be3 Rac8 19. Red1 Rfd8 20. Ne1 Bg6 21. h4 h5 22. Ne2 b6 23. f4 Kf7 24. Nf3 Rxd1+ 25. Rxd1 Rd8 26. Rxd8 Bxd8 27. fxe5 Nxe5 28. Nfd4 Nc4 29. Bf4 Bb1 30. Nc6 Be7 31. Nxa7 Bxa2 32. Nc6 Bc5+ 33. Kh2 Na5 34. Ncd4 Bd5 35. Bc7 Nc4 36. Nf4 Be4 37. Nxh5 Bxd4 38. cxd4 b5 39. Nf4 b4 40. d5 b3 41. d6 b2 42. d7 Ke7 43. d8=Q+ Kf7 44. Qd7+ Kg8 45. Qe8+ Kh7 46. Qxe4+ Kg8 47. Qxc4+ 1-0


[Site "https://www.chess.com"]

[Event "Titled Tuesday Blitz June 28 Early 2022"]
[White "Vachier-Lagrave, Maxime"]
[Black "Ismagilov, Damir"]
[WhiteFideId "623539"]
[BlackFideId "34199982"]
[WhiteElo "2813"]
[BlackElo "2138"]
[Result "1-0"]
[Round "02"]
[TimeControl "180+1"]
[Date "2022.06.28"]
[WhiteClock "0:01:07"]
[BlackClock "0:00:09"]

1. d4 Nf6 2. c4 e6 3. Nc3 Bb4 4. e3 O-O 5. Ne2 c6 6. a3 Ba5 7. c5 d5 8. cxd6 Qxd6 9. Bd2 e5 10. Qc2 exd4 11. Nxd4 Bb6 12. O-O-O Bxd4 13. exd4 Qxd4 14. Be3 Qg4 15. h3 Qe6 16. Bd3 Nbd7 17. Bf5 Qe7 18. Rhe1 Re8 19. g4 Nf8 20. Bd3 Be6 21. f4 Nd5 22. Bd2 Nxc3 23. Bxc3 Qc7 24. Be5 Qb6 25. Bd4 Bb3 26. Rxe8 Bxc2 27. Rxa8 Qb3 28. Bxc2 Qc4 29. Kb1 f6 30. Rd3 1-0


[Site "https://www.chess.com"]